[Event "Early-Titled-Tuesday-Blitz-May-07-2024"]
[Site "Chess.com"]
[Date "2024.05.07"]
[Round "3"]
[White "kecalk"]
[Black "Zhigalko_Sergei"]
[Result "0-1"]
[WhiteElo "2535"]
[BlackElo "2866"]
[TimeControl "180+1"]
[EndTime "8:31:27 PDT"]
[Termination "Zhigalko_Sergei won by resignation"]

1. Nf3 d5 2. g3 c6 3. Bg2 Bg4 4.
O-O Nd7 5. h3 Bh5 6. c4 e6 7.
cxd5 exd5 8. Nc3 Ngf6 9. d3 Bc5 10. e4 dxe4 11. dxe4 O-O 12. g4 Bg6 13. Nh4 Re8 14.
Nf5 Ne5 15. Qxd8 Raxd8 16. Bg5 Nd3 17. Na4 Bf8 18. Nc3 b5 19. b3 Bb4 20. Bxf6 gxf6 21. Ne2 Bc5 22. a4 Kf8 23. axb5 cxb5 24. Neg3 Bb6 25. h4 a5 26. h5 Bxf5 27. Nxf5 Nxf2 28.
Rxf2 Rd2 29. Rf1 a4 30. bxa4 bxa4 0-1

[Event "Early-Titled-Tuesday-Blitz-May-07-2024"]
[Site "Chess.com"]
[Date "2024.05.07"]
[Round "3"]
[White "Sokoloco"]
[Black "MathiasWomacka"]
[Result "1-0"]
[WhiteElo "2800"]
[BlackElo "2520"]
[TimeControl "180+1"]
[EndTime "8:31:27 PDT"]
[Termination "Sokoloco won by resignation"]

1. g3 c5 2. c4 Nf6 3. Bg2 d5 4. cxd5 Nxd5 5. Nc3 Nc7 6. Nf3 Nc6 7. O-O e5 8. b3 Be7 9. Bb2 O-O 10.
Rc1 f6 11. d3 Bd7 12. e3 Rc8 13. d4 cxd4 14. exd4 exd4 15. Nxd4 Nxd4 16. Qxd4 Ne6 17. Qxa7 Bc6 18. Bxc6 bxc6 19. Rcd1 Qe8 20. Rfe1 Bc5 21. Qa6 Qf7 22. Qc4 Rfe8 23. Rxe6 Qxe6 24. Qxc5 Rcd8 25. Rxd8 Rxd8 26. Ba3 h6 27. Bb4 Rd2 28. Qc4 Kf7 29.
Qxe6+ Kxe6 30. a4 Rb2 31. Ne4 Kd5 32. Nc5 f5 33. a5 Ra2 34. a6 g5 35. Na4 1-0

[Event "Early-Titled-Tuesday-Blitz-May-07-2024"]
[Site "Chess.com"]
[Date "2024.05.07"]
[Round "3"]
[White "CSB7"]
[Black "LoaySameer"]
[Result "1-0"]
[WhiteElo "2779"]
[BlackElo "2515"]
[TimeControl "180+1"]
[EndTime "8:31:27 PDT"]
[Termination "CSB7 won by resignation"]

1. Nf3 Nf6 2. d4 g6 3. c4 Bg7 4. Nc3 O-O 5. g3 d6 6. Bg2 c6 7. O-O Qa5 8. Re1 e5 9. e3 Nbd7 10. Qc2 Re8 11. Rb1 Nf8 12. b4 Qc7 13. dxe5 dxe5 14.
h3 a5 15. b5 Ne6 16. Ba3 e4 17. Nxe4 cxb5 18. Nd6 Rd8 19. Nxb5 Qb8 20. Red1 Rxd1+ 21. Rxd1 Bd7 22. Nfd4 Ng5 23. Kh2 h5 24. Bd6 Qe8 25. Bf4 Rc8 26. Nd6 Qe6 27. Nxe6 1-0

[Event "Early-Titled-Tuesday-Blitz-May-07-2024"]
[Site "Chess.com"]
[Date "2024.05.07"]
[Round "3"]
[White "JosefineHeinemann"]
[Black "MikeWizard"]
[Result "1/2-1/2"]
[WhiteElo "2540"]
[BlackElo "2047"]
[TimeControl "180+1"]
[EndTime "8:31:27 PDT"]
[Termination "Game drawn by repetition"]

1. e4 d6 2. d4 Nf6 3. Nc3 Nbd7 4. Nf3 e5 5. Bc4 Be7 6. a4 c6 7. a5 Qc7 8. O-O h6 9. h3 g5 10. dxe5 dxe5 11. Be3 Nf8 12. Ne1 Ng6 13. Nd3 Rg8 14. Bc5 g4 15. hxg4 Bxg4 16. f3 Be6 17. Bxe6 fxe6 18. Bxe7 Qxe7 19. Qe1 Nh5 20. Qe3 Nhf4 21. Ne2 Qg5 22. Nexf4 Nxf4 23. Nxf4 exf4 24. Qd2 Rd8 25. Qf2 h5 26. Rfd1 Rxd1+ 27. Rxd1 h4 28. Kf1 Ke7 29. b4 Qg3 30. Qxg3 hxg3 31. Ke2 Rh8 32. Rg1 Kd6 33. Kd3 Ke5 34. c4 Rd8+ 35. Kc3 Rh8 36. Kd3 Rh2 37. c5 Rh8 38. Kc3 Rd8 39. Rh1 Rd7 40.
Rh5+ Kf6 41. Rh4 e5 42. Rh6+ Kg5 43. Rh1 Kf6 44. Rh6+ Kg5 45. Rh1 Kf6 46. Rh6+ 1/2-1/2

[Event "Early-Titled-Tuesday-Blitz-May-07-2024"]
[Site "Chess.com"]
[Date "2024.05.07"]
[Round "3"]
[White "willyam13"]
[Black "AcostaPablo"]
[Result "0-1"]
[WhiteElo "2434"]
[BlackElo "2610"]
[TimeControl "180+1"]
[EndTime "8:31:29 PDT"]
[Termination "AcostaPablo won by resignation"]

1. Nf3 Nf6 2. g3 g6 3. b3 Bg7 4. Bb2 O-O 5. c4 c5 6. Bg2 Nc6 7. O-O d5 8. cxd5 Nxd5 9. Bxg7 Kxg7 10. Nc3 Nf6 11. Rc1 Bg4 12. d3 Rc8 13. h3 Bxf3 14. Bxf3 Qd7 15. Bg2 b6 16. Qc2 Nd4 17. Qb2 Qf5 18.
Rfd1 h5 19. a3 Rfd8 20. b4 cxb4 21. axb4 h4 22. g4 Nxg4 23. hxg4 Qxg4 24. f3 Qg5 25. Ne4 Qe3+ 26. Kf1 f5 27. Nf2 e5 28. Qc2 Rxc2 0-1

[Event "Early-Titled-Tuesday-Blitz-May-07-2024"]
[Site "Chess.com"]
[Date "2024.05.07"]
[Round "3"]
[White "glebus008"]
[Black "LikeWater"]
[Result "0-1"]
[WhiteElo "2311"]
[BlackElo "2688"]
[TimeControl "180+1"]
[EndTime "8:31:30 PDT"]
[Termination "LikeWater won by checkmate"]

1. a3 g6 2. d4 Nf6 3. Nf3 Bg7 4. Nbd2 d5 5. c4 c6 6. b4 O-O 7. Bb2 Ne4 8. e3 a5 9. b5 a4 10. bxc6 bxc6 11. cxd5 cxd5 12. Bd3 Bf5 13. O-O Nxf2 14. Rxf2 Bxd3 15. Ne5 Bf5 16. Ndf3 Qb6 17. Bc3 Nc6 18. g4 Nxe5 19. Nxe5 Bxe5 20. gxf5 Bg7 21. Bb4 Rfe8 22. Qf3 gxf5 23. Qxd5 e6 24. Qf3 Kh8 25. Kh1 Rg8 26. Rg1 Bf6 27. Rfg2 Rac8 28. Bc5 Qb3 29. Qh3 Qd5 30.
Qh6 Rg6 31. Qh5 Rcg8 32. Qe2 Qe4 33. h3 Rg3 34. Qh5 Rxg2 35. Qxh7+ Kxh7 36. Rxg2 Qxg2# 0-1

[Event "Early-Titled-Tuesday-Blitz-May-07-2024"]
[Site "Chess.com"]
[Date "2024.05.07"]
[Round "3"]
[White "tantaan"]
[Black "Hasangatin_Ramil"]
[Result "0-1"]
[WhiteElo "2490"]
[BlackElo "2665"]
[TimeControl "180+1"]
[EndTime "8:31:30 PDT"]
[Termination "Hasangatin_Ramil won by resignation"]

1. d4 d6 2. c4 e5 3. e3 Nf6 4.
Nc3 Nc6 5. d5 Ne7 6. Bd3 Ng6 7.
Nge2 Be7 8. O-O O-O 9. f4 exf4 10. exf4 Re8 11. Nd4 Bf8 12. Qf3 Nd7 13. Bd2 Qf6 14. Ndb5 Qd8 15. Rae1 Rxe1 16. Rxe1 a6 17. Nd4 Qf6 18. Be3 Nc5 19. Bc2 Nh4 20. Qf2 Nf5 21.
Nxf5 Bxf5 22. Bd4 Qg6 23. Bxf5 Qxf5 24. Bxc5 dxc5 25. Re5 Qd3 26. Qe2 Qd4+ 27. Kh1 Qxf4 28. g3 Qf6 29. Kg2 g6 30. h4 Bd6 31. Re3 Bf8 32.
Ne4 Qb6 33. b3 Bg7 34. Ng5 Qf6 35. Re7 Rf8 36. Rxc7 h6 37. Nf3 Qb6 38. Re7 Qd6 39. Nd2 b5 40. Re3 Bd4 41. Re7 h5 42. Nf3 Bf6 43. Qe4 Qxe7 0-1

[Event "Early-Titled-Tuesday-Blitz-May-07-2024"]
[Site "Chess.com"]
[Date "2024.05.07"]
[Round "3"]
[White "Alexandr_Kholin"]
[Black "BirdMaster3000"]
[Result "1-0"]
[WhiteElo "2488"]
[BlackElo "2628"]
[TimeControl "180+1"]
[EndTime "8:31:30 PDT"]
[Termination "Alexandr_Kholin won by resignation"]

1. d4 f5 2. Nf3 Nf6 3. Bf4 g6 4. e3 Bg7 5. h3 O-O 6. Be2 d6 7. O-O Nc6 8. Bh2 Ne4 9. c4 e5 10.
dxe5 dxe5 11. Qb3 Qe8 12. Nbd2 Nc5 13. Qa3 b6 14. b4 Nb7 15. Rac1 a5 16. b5 Nb4 17. Nb3 Nc5 18. Nxc5 bxc5 19. Rfd1 Bb7 20. Ne1 a4 21. Nc2 Qe7 22. Nxb4 cxb4 23. Qb2 c5 24. bxc6 Bxc6 25. c5 Rfb8 26. Rd6 Qe8 27. Bc4+ Kh8 28. Qd2 Rd8 29. Qxb4 Rab8 30. Qd2 e4 31.
Rd1 Rxd6 32. cxd6 Qd7 33. Bf4 h6 34. h4 Rb2 35. Qa5 Kh7 36. Qc7 Bf6 37. Be6 Qg7 38. d7 g5 39. Bxf5+ 1-0

[Event "Early-Titled-Tuesday-Blitz-May-07-2024"]
[Site "Chess.com"]
[Date "2024.05.07"]
[Round "3"]
[White "Masterisback04"]
[Black "HanSchut"]
[Result "0-1"]
[WhiteElo "2011"]
[BlackElo "2358"]
[TimeControl "180+1"]
[EndTime "8:31:32 PDT"]
[Termination "HanSchut won on time"]

1. e4 c5 2. Nf3 d6 3. d4 cxd4 4. Nxd4 Nf6 5. Nc3 a6 6. Be3 e5 7. Nb3 Be6 8. Be2 Be7 9. g3 Nbd7 10. g4 h6 11. Rg1 Nb6 12. Na5 Qc7 13. Qd2 Rd8 14.
Nd5 Nbxd5 15. exd5 Nxd5 16. O-O-O Nxe3 17. fxe3 d5 18. Kb1 Qb6 19. Nb3 O-O 20. Qe1 a5 21. h4 a4 22. Nc1 Ba3 23. b3 Qxe3 0-1

[Event "Early-Titled-Tuesday-Blitz-May-07-2024"]
[Site "Chess.com"]
[Date "2024.05.07"]
[Round "3"]
[White "vaishali2001"]
[Black "kleinebeer98"]
[Result "0-1"]
[WhiteElo "2695"]
[BlackElo "2926"]
[TimeControl "180+1"]
[EndTime "8:31:33 PDT"]
[Termination "kleinebeer98 won by resignation"]

1. e4 e5 2. Nf3 Nc6 3. Nc3 Nf6 4. h3 d5 5. exd5 Nxd5 6. Bb5 Nxc3 7. bxc3 Bd6 8. O-O O-O 9. d4 exd4 10. cxd4 h6 11.
Bb2 Bf5 12. c4 a6 13. Ba4 Na5 14. Bc2 Qf6 15. Bxf5 Qxf5 16. Rc1 b5 17. cxb5 axb5 18. Qc2 Qd5 19. Ne5 Qxa2 20. Ra1 Qd5 21. Rfe1 Nb3 22. Rxa8 Rxa8 23. Nf3 Rd8 24. Bc3 Qc4 25. Rb1 Na5 26. Nd2 Qc6 27. d5 Qb6 28. Qb2 Bc5 29. Bxg7 Bxf2+ 30. Kh1 Rxd5 31. Ne4 Bd4 32. Bxd4 Rxd4 33.
Ng3 Nc4 34. Qe2 Qg6 35. Nh5 Qxb1+ 36. Kh2 Qg6 37. Ng3 Qd6 38. Qe8+ Kg7 39. Qxb5 Rd3 0-1

[Event "Early-Titled-Tuesday-Blitz-May-07-2024"]
[Site "Chess.com"]
[Date "2024.05.07"]
[Round "3"]
[White "giovannibrandao7"]
[Black "LLariMarc"]
[Result "1-0"]
[WhiteElo "2312"]
[BlackElo "2515"]
[TimeControl "180+1"]
[EndTime "8:31:34 PDT"]
[Termination "giovannibrandao7 won by resignation"]

1. e4 e6 2. d4 d5 3. Nc3 dxe4 4. Nxe4 Nf6 5. Bg5 Be7 6. Bxf6 gxf6 7. Nf3 a6 8. g3 b5 9. Bg2 Bb7 10. O-O Bxe4 11.
Qe2 Bb7 12. a4 b4 13. c4 c5 14. d5 e5 15. Nh4 Bd6 16. Qh5 Bc8 17. Be4 Ra7 18.
Rae1 Re7 19. Bf5 Bb7 20. Bh3 Rc7 21. f4 Nd7 22. Nf5 Nb6 23. fxe5 Bxe5 24. d6 Nxc4 25. Ng7+ Kf8 26. Qh6 Qxd6 27. Nf5+ Ke8 28. Nxd6+ Nxd6 29. Qxf6 Re7 30. Rxe5 1-0

[Event "Early-Titled-Tuesday-Blitz-May-07-2024"]
[Site "Chess.com"]
[Date "2024.05.07"]
[Round "3"]
[White "manipun1"]
[Black "Gryffindorac8"]
[Result "0-1"]
[WhiteElo "2282"]
[BlackElo "2520"]
[TimeControl "180+1"]
[EndTime "8:31:34 PDT"]
[Termination "Gryffindorac8 won by resignation"]

1. e4 c5 2. Nf3 d6 3. Bb5+ Bd7 4. Bxd7+ Qxd7 5. c4 Nf6 6. Nc3 Nc6 7. d4 cxd4 8.
Nxd4 g6 9. f3 Bg7 10. Be3 O-O 11. Rc1 a6 12. O-O Rab8 13. a4 e6 14. Qd2 d5 15. cxd5 exd5 16. Nxd5 Nxd5 17. exd5 Nxd4 18.
Bxd4 Qxd5 19. Be3 Qxd2 20. Bxd2 Bxb2 21. Rb1 Bd4+ 22. Kh1 Rfe8 23. Bf4 Be5 24. Bxe5 Rxe5 25.
Rb6 Re2 26. h4 Ra2 27. Rb4 h5 28. Rfb1 Re8 29. Kh2 Ree2 30. Rg1 Reb2 31. Rxb2 Rxb2 32. Rc1 Rb4 33. Rc7 Rxh4+ 34. Kg3 Rxa4 35. Rxb7 Kg7 36. Ra7 a5 37. Kf2 Ra2+ 38. Kg3 a4 39. Kh2 Ra1 40. Kg3 a3 41. Kh2 Kf6 42. Kg3 Ke6 43. Kh2 f6 44.
Ra6+ Kf5 45. Ra5+ Ke6 46. Ra6+ Ke5 47. Ra5+ Kd4 48. Ra6 Kc3 49. Rxf6 Re1 50. Rxg6 a2 51. Ra6 a1=Q 52. Rxa1 Rxa1 53. Kg3 Kd4 54. Kf4 Rg1 55. g3 Kd5 0-1

[Event "Early-Titled-Tuesday-Blitz-May-07-2024"]
[Site "Chess.com"]
[Date "2024.05.07"]
[Round "3"]
[White "KIEV-1"]
[Black "Juicy_Fork"]
[Result "0-1"]
[WhiteElo "2228"]
[BlackElo "2421"]
[TimeControl "180+1"]
[EndTime "8:31:34 PDT"]
[Termination "Juicy_Fork won by checkmate"]

1. e4 e5 2. Nf3 Nc6 3. Bc4 Nf6 4. d3 Bc5 5. Nc3 O-O 6. h3 d6 7. O-O h6 8. Be3 Re8 9. Bxc5 dxc5 10. Nd5 Be6 11.
Nxf6+ Qxf6 12. Bb5 Bd7 13. Qe2 a6 14. Bxc6 Bxc6 15.
Kh2 Rad8 16. g3 Qe6 17. Nh4 g6 18. f4 exf4 19. gxf4 Qf6 20. Qg4 Qxb2 21. Rg1 Rd6 22. Nf5 Bd7 23. Nxh6+ Kg7 24. Qg5 Qxc2+ 25. Rg2 Qxd3 26.
Nf5+ Bxf5 27. exf5 Rh8 28. Rg3 Qe2+ 29. Rg2 Qf3 30. Rg3 Rd2+ 31. Kg1 Qf2+ 32. Kh1 Qh2# 0-1

[Event "Early-Titled-Tuesday-Blitz-May-07-2024"]
[Site "Chess.com"]
[Date "2024.05.07"]
[Round "3"]
[White "abelmat"]
[Black "Marielchessy"]
[Result "0-1"]
[WhiteElo "2021"]
[BlackElo "2365"]
[TimeControl "180+1"]
[EndTime "8:31:34 PDT"]
[Termination "Marielchessy won on time"]

1. d4 Nf6 2. c4 c5 3. Nf3 cxd4 4. Nxd4 e5 5. Nb3 d5 6. cxd5 Qxd5 7. Qxd5 Nxd5 8. a3 Nc6 9. e4 Nb6 10. Bb5 Be6 11.
N3d2 O-O-O 12. O-O Nd4 13. Bd3 f6 14. Nc3 Nf3+ 15. Nxf3 Rxd3 16. Be3 Rxe3 17. fxe3 Bc5 18. Rfe1 Kb8 19. Rad1 Nc4 20. b4 Bxe3+ 21. Kh1 Bb6 22.
a4 a5 23. Nd5 Bd8 24. b5 Nb2 25. Ra1 b6 26. Ra2 Nd3 27. Rd1 Nc5 28. Rc1 Kb7 29.
Re2 Nxa4 30. h3 Nc5 31. Kh2 Bxd5 32. exd5 Bc7 33. Kh1 Bd6 34. Nd2 Rd8 35. Nc4 Nb3 36. Rd1 Nd4 37. Rxd4 exd4 38. Re6 Kc7 39. Re4 Be5 40.
g4 a4 41. Re2 Rxd5 42. Nd2 Rxb5 43. Nf3 d3 44. Rd2 Rb1+ 45. Kg2 Rb2 0-1

[Event "Early-Titled-Tuesday-Blitz-May-07-2024"]
[Site "Chess.com"]
[Date "2024.05.07"]
[Round "3"]
[White "penguingm1"]
[Black "TigranMukhutdinov"]
[Result "1-0"]
[WhiteElo "2921"]
[BlackElo "2693"]
[TimeControl "180+1"]
[EndTime "8:31:36 PDT"]
[Termination "penguingm1 won by resignation"]

1. d4 d6 2. c4 e5 3. Nf3 Nd7 4. Nc3 Ngf6 5. g3 Be7 6. Bg2 O-O 7. O-O c6 8. b4 Re8 9. Qc2 Bf8 10. b5 e4 11. Nd2 d5 12. e3 Nb6 13. a4 a5 14.
Ba3 Bxa3 15. Rxa3 Be6 16. c5 Nbd7 17. Rb1 h5 18. h4 Ng4 19. Ne2 f6 20. Rab3 Qe7 21.
bxc6 bxc6 22. Rb7 Reb8 23. Rxb8+ Rxb8 24. Rxb8+ Nxb8 25. Qb2 Qc7 26. Qb6 Qc8 27. Qxa5 g5 28.
Qa7 Nd7 29. a5 Qb8 30. Qxb8+ Nxb8 31. Bf1 Bc8 32. Nc3 Kf7 33. Na2 Ba6 34. Nb4 Bxf1 35. Kxf1 1-0

[Event "Early-Titled-Tuesday-Blitz-May-07-2024"]
[Site "Chess.com"]
[Date "2024.05.07"]
[Round "3"]
[White "campochess"]
[Black "rachidhuilda"]
[Result "1-0"]
[WhiteElo "2160"]
[BlackElo "2365"]
[TimeControl "180+1"]
[EndTime "8:31:36 PDT"]
[Termination "campochess won by resignation"]

1. e4 d5 2. Nc3 dxe4 3. Nxe4 Qd5 4.
Ng3 Nc6 5. Nf3 e5 6. b3 Be6 7. Bb2 f6 8. Bc4 Qd7 9. Bxe6 Qxe6 10. Qe2 O-O-O 11. O-O-O Qf7 12. Rhe1 Bc5 13. Ne4 Bb6 14. Nc3 Nge7 15. Na4 Bd4 16. c3 Bb6 17. Nxb6+ axb6 18. d4 exd4 19. Nxd4 Rhe8 20. Qe6+ Qxe6 21. Nxe6 Rxd1+ 22. Kxd1 g6 23. Nf4 Kd7 24. c4 f5 25. a3 Nc8 26.
Rxe8 Kxe8 27. Kd2 Kd7 28. Nd5 h5 29. h4 N8e7 30. Nf4 Kd6 31. b4 Ne5 32. Bxe5+ Kxe5 33. Ke3 c6 34. Nd3+ Kf6 35. Kf4 Nc8 36. Ne5 Nd6 37.
c5 bxc5 38. Nd7+ Ke7 39. Nxc5 b6 40. Nd3 Ne4 41. a4 Kf6 42. a5 bxa5 43. bxa5 Nd6 44. Nc5 Nb5 45. a6 Na7 46. Nd3 Nb5 47. Ke3 Ke6 48.
Nf4+ Kf6 49. Kd3 g5 50. hxg5+ Kxg5 51. g3 h4 52. Nh3+ Kg4 53. gxh4 Kxh4 54. Nf4 Kg4 55.
Ne6 Kf3 56. Nd4+ Kxf2 57. Nxb5 cxb5 58. a7 f4 59. a8=Q 1-0

[Event "Early-Titled-Tuesday-Blitz-May-07-2024"]
[Site "Chess.com"]
[Date "2024.05.07"]
[Round "3"]
[White "DrVelja"]
[Black "Yeritsyaan"]
[Result "1-0"]
[WhiteElo "2952"]
[BlackElo "2710"]
[TimeControl "180+1"]
[EndTime "8:31:38 PDT"]
[Termination "DrVelja won by resignation"]

1. e4 e5 2. Nf3 Nc6 3. Bb5 Nf6 4.
O-O Nxe4 5. d4 Nd6 6. Bxc6 dxc6 7. dxe5 Nf5 8. Qxd8+ Kxd8 9. h3 Bd7 10. Rd1 Kc8 11. g4 Ne7 12. Ng5 Be8 13. f4 h6 14. Nf3 b6 15.
Nc3 c5 16. f5 Nc6 17. Bf4 Nd4 18. Nxd4 cxd4 19. Ne2 c5 20. c3 Bb5 21. Ng3 Kb7 22.
Kf2 Be7 23. cxd4 cxd4 24. Ne4 Rhd8 25. Rac1 Bc6 26. Nd6+ Bxd6 27. exd6 g5 28. Bg3 h5 29. Rxd4 hxg4 30. hxg4 Rac8 31. Be5 Rd7 32. Bf6 Re8 33.
Re1 Rxe1 34. Kxe1 Bf3 35. Kf2 Kc6 36. Kxf3 1-0

[Event "Early-Titled-Tuesday-Blitz-May-07-2024"]
[Site "Chess.com"]
[Date "2024.05.07"]
[Round "3"]
[White "Sjakkerntobi"]
[Black "banjadvorovi"]
[Result "1-0"]
[WhiteElo "2539"]
[BlackElo "2322"]
[TimeControl "180+1"]
[EndTime "8:31:38 PDT"]
[Termination "Sjakkerntobi won by resignation"]

1. e4 c5 2. Nf3 d6 3. Bb5+ Bd7 4.
Bxd7+ Qxd7 5. O-O Nc6 6. c3 g6 7. d4 cxd4 8. cxd4 Bg7 9. Nc3 Nf6 10. Re1 O-O 11. h3 Rac8 12. Bf4 Rfe8 13. e5 dxe5 14. dxe5 Qxd1 15. Raxd1 Nh5 16. Bh2 Bh8 17. Rd7 b6 18. Nb5 Red8 19. Red1 a5 20. Rxd8+ Rxd8 21. Rxd8+ Nxd8 22. Nc7 Nc6 23. Nd5 b5 24. Kf1 Ng7 25. Ke2 Ne6 26. Kd3 Nc5+ 27. Kc2 Ne4 28. Kd3 Nc5+ 29.
Ke2 e6 30. Nc3 b4 31. Nb1 Nd7 32. Nbd2 Ndxe5 33. Nxe5 Bxe5 34. Bxe5 Nxe5 35. Ke3 Kg7 36. Kd4 Kf6 37. g4 g5 38. Ne4+ Ke7 39. Kxe5 1-0

[Event "Early-Titled-Tuesday-Blitz-May-07-2024"]
[Site "Chess.com"]
[Date "2024.05.07"]
[Round "3"]
[White "kanzaww"]
[Black "Crasmus"]
[Result "0-1"]
[WhiteElo "2517"]
[BlackElo "2330"]
[TimeControl "180+1"]
[EndTime "8:31:38 PDT"]
[Termination "Crasmus won by checkmate"]

1. e4 c5 2. Nf3 e6 3. d4 cxd4 4. Nxd4 a6 5. c4 Nf6 6. Nc3 Bb4 7. Qd3 Qc7 8. Be2 Nc6 9. Nxc6 dxc6 10. O-O e5 11. Be3 Ng4 12. Bd2 O-O 13. a3 Rd8 14. Qc2 Bc5 15. b4 Bd4 16. Rad1 Qe7 17. h3 Nxf2 18.
Rxf2 Qh4 19. Rf1 Bxh3 20. Nd1 Qg3 21. Kh1 Bxf2 22. Rxf2 Rd6 23. gxh3 Rad8 24. Be3 Rxd1+ 25. Bxd1 Qxe3 26. Qe2 Qxh3+ 27. Rh2 Qxa3 28. Rg2 Qxb4 29. Qg4 g6 30. Be2 Qc5 31. Qg5 Qd4 32. Qh4 Qa1+ 33.
Kh2 Rd2 34. Rf2 Qd4 35. Qf6 Qd7 36. Kg3 a5 37. Bg4 Rd3+ 38. Kh4 Qd8 39. Kg5 h5 40. Be2 Rg3+ 41. Kh6 Qf8+ 42. Qg7+ Qxg7# 0-1

[Event "Early-Titled-Tuesday-Blitz-May-07-2024"]
[Site "Chess.com"]
[Date "2024.05.07"]
[Round "3"]
[White "MITerryble"]
[Black "superjem123"]
[Result "1-0"]
[WhiteElo "3042"]
[BlackElo "2743"]
[TimeControl "180+1"]
[EndTime "8:31:40 PDT"]
[Termination "MITerryble won on time"]

1. d4 Nf6 2. Bg5 d5 3. e3 Nbd7 4. Nd2 g6 5. Ngf3 Bg7 6. c3 O-O 7. Be2 Re8 8. h3 e5 9. O-O c6 10. Rc1 a5 11. a4 Qb6 12. Qc2 exd4 13. cxd4 Nb8 14. Ne5 Bf5 15. Bd3 Bxd3 16. Nxd3 Na6 17. Qb3 Qxb3 18. Nxb3 Ne4 19. Bf4 Nb4 20. Rfd1 Nxd3 21.
Rxd3 Bf8 22. f3 Nf6 23. Nc5 Bxc5 24. Rxc5 Nd7 25. Rc2 Nf8 26. Rb3 Ra7 27. Kf2 Ne6 28. Be5 Kf8 29. Bf6 Nc7 30. h4 Re6 31. Be5 Na6 32. Rb6 f6 33. Bf4 Ke8 34. Rb3 Nb4 35.
Rc1 Kd7 36. Rh1 Ra8 37. Rc3 Rae8 38. g4 Na2 39. Rb3 Nb4 40. g5 b5 41. Ra1 Nc2 42. Rc1 Nb4 43. axb5 cxb5 44. Ra1 Rc6 45. Rxa5 Rc2+ 46.
Kg3 fxg5 47. hxg5 Nc6 48. Raxb5 Nxd4 49. Rxd5+ 1-0

[Event "Early-Titled-Tuesday-Blitz-May-07-2024"]
[Site "Chess.com"]
[Date "2024.05.07"]
[Round "3"]
[White "Zarinur"]
[Black "chessdjw"]
[Result "1-0"]
[WhiteElo "2530"]
[BlackElo "2763"]
[TimeControl "180+1"]
[EndTime "8:31:40 PDT"]
[Termination "Zarinur won by checkmate"]

1. e4 e5 2. Nf3 Nc6 3. Nc3 Nf6 4. Bb5 Bd6 5. d3 h6 6. a3 O-O 7. g4 Nd4 8. g5 hxg5 9. Bxg5 Be7 10. Rg1 c6 11. Ba4 d5 12. Nxe5 Qc7 13. f4 dxe4 14. dxe4 Rd8 15. Qd3 b5 16. Qg3 bxa4 17. Bh6 Nxc2+ 18.
Ke2 Ba6+ 19. Kf3 g6 20. Rad1 Nh5 21. Qg4 Rxd1 22. Rxd1 Rd8 23. Nxg6 Nf6 24. Qg2 Bc5 25. Ne7+ Kh7 26. Qg7# 1-0

[Event "Early-Titled-Tuesday-Blitz-May-07-2024"]
[Site "Chess.com"]
[Date "2024.05.07"]
[Round "3"]
[White "rhwr"]
[Black "Nadtkins"]
[Result "0-1"]
[WhiteElo "2299"]
[BlackElo "2532"]
[TimeControl "180+1"]
[EndTime "8:31:40 PDT"]
[Termination "Nadtkins won by resignation"]

1. e4 e5 2. Nf3 Nc6 3. Bb5 a6 4.
Ba4 d6 5. O-O Bd7 6. c3 g6 7. d4 Bg7 8. d5 Nce7 9. Bxd7+ Qxd7 10. c4 h6 11. b4 f5 12. Nc3 a5 13. bxa5 Rxa5 14. Rb1 b6 15. Qc2 Nf6 16. Nd2 O-O 17. f3 f4 18. Nb3 Raa8 19. a4 g5 20. Ra1 Ng6 21. a5 bxa5 22. Rxa5 g4 23. Rxa8 Rxa8 24. fxg4 Qxg4 25. c5 Nh4 26. Qf2 Rb8 27. Nd2 dxc5 28. g3 Rb4 29. Kh1 fxg3 30. hxg3 Qh3+ 31. Kg1 Ng4 32.
gxh4 Nxf2 33. Rxf2 Qxc3 0-1

[Event "Early-Titled-Tuesday-Blitz-May-07-2024"]
[Site "Chess.com"]
[Date "2024.05.07"]
[Round "3"]
[White "Aswathchess"]
[Black "Masterbeaterr"]
[Result "1-0"]
[WhiteElo "2617"]
[BlackElo "2443"]
[TimeControl "180+1"]
[EndTime "8:31:41 PDT"]
[Termination "Aswathchess won by resignation"]

1. d4 d5 2. Nf3 Nf6 3. Bf4 e6 4. e3 Bd6 5. Nbd2 Bxf4 6. exf4 O-O 7. Bd3 b6 8. O-O Ba6 9. Bxa6 Nxa6 10. Ne5 c5 11.
Qe2 Nc7 12. g3 cxd4 13. Nb3 Qd6 14. Nxd4 Nd7 15. c3 Nc5 16. Rad1 Ne4 17. Rfe1 f6 18. Nd3 Rae8 19. c4 Nc5 20. cxd5 Nxd3 21. Rxd3 Qxd5 22. Qc2 Rf7 23. Nc6 Qxa2 24. Red1 b5 25. Rd7 Nd5 26. Rxf7 Kxf7 27. f5 e5 28. Qc5 Qc4 29. Qxc4 bxc4 30. Rxd5 Rc8 31. Rd7+ Kf8 32. Nxa7 Rb8 33. Rc7 Rxb2 34.
Rxc4 h5 35. h4 Kg8 36. Nc8 Kh7 37. Nd6 g6 38. Rc7+ 1-0

[Event "Early-Titled-Tuesday-Blitz-May-07-2024"]
[Site "Chess.com"]
[Date "2024.05.07"]
[Round "3"]
[White "Chessdude1987"]
[Black "zajka-molotok"]
[Result "1/2-1/2"]
[WhiteElo "2369"]
[BlackElo "2534"]
[TimeControl "180+1"]
[EndTime "8:31:41 PDT"]
[Termination "Game drawn by repetition"]

1. e4 g6 2. d4 Bg7 3. Nc3 d6 4. Be3 a6 5. a4 b6 6. Nf3 Bb7 7. Bd3 Nd7 8. O-O Ngf6 9. e5 Ng4 10. e6 fxe6 11. Ng5 Nxe3 12. fxe3 Nf8 13. Nf7 Qd7 14. Nxh8 Bxh8 15. Be4 d5 16. Bf3 O-O-O 17. Ne2 e5 18.
Ng3 h5 19. c3 Ne6 20. Qc2 e4 21. Nxe4 dxe4 22. Bxe4 Bf6 23. Bxb7+ Kxb7 24. c4 Bg5 25. Rae1 Rf8 26. Qxg6 Rxf1+ 27. Kxf1 Bf6 28. Qxh5 Qxa4 29.
Qd5+ Ka7 30. Qxe6 Qc2 31. Kg1 Qd2 32. Rf1 Bg5 33. h4 Bxe3+ 34. Kh1 Qe2 35. Qf5 Bxd4 36. h5 e6 37. Qf3 Qxc4 38. h6 Bc5 39. h7 Bd4 40.
Qh3 Bh8 41. Rg1 Qf4 42. Qh2 Qf5 43. Qxc7+ Ka8 44. Qc8+ Ka7 45. Qc7+ Ka8 46. Qc8+ Ka7 47. Qc7+ 1/2-1/2

[Event "Early-Titled-Tuesday-Blitz-May-07-2024"]
[Site "Chess.com"]
[Date "2024.05.07"]
[Round "3"]
[White "Meri-Arabidze"]
[Black "NastyaHn"]
[Result "1-0"]
[WhiteElo "2700"]
[BlackElo "2464"]
[TimeControl "180+1"]
[EndTime "8:31:43 PDT"]
[Termination "Meri-Arabidze won by checkmate"]

1. Nf3 Nf6 2. c4 e6 3. g3 d5 4. Bg2 Be7 5. O-O O-O 6. d4 dxc4 7. Qc2 a6 8. a4 Bd7 9. Rd1 Bc6 10. Nc3 Bb4 11. Bg5 Nbd7 12. Na2 Be7 13. Qxc4 a5 14. Nc3 Nb6 15. Qd3 Nbd5 16. Nb5 Nb4 17. Qc4 Rc8 18. e3 Bd5 19. Qe2 Ne4 20. Bxe7 Qxe7 21. Ne5 c6 22.
Nc3 Nxc3 23. bxc3 Bxg2 24. cxb4 Be4 25. bxa5 Ra8 26. f3 Bg6 27. Qd2 Qc7 28. Nxg6 fxg6 29.
f4 Rxa5 30. Qb4 Rfa8 31. Qb3 Qd7 32. Rdb1 R8a7 33. Qd1 Qd5 34. Kf2 g5 35. Qh5 gxf4 36.
Qe8# 1-0

[Event "Early-Titled-Tuesday-Blitz-May-07-2024"]
[Site "Chess.com"]
[Date "2024.05.07"]
[Round "3"]
[White "Stanbad1"]
[Black "AttilaTurzo"]
[Result "0-1"]
[WhiteElo "2606"]
[BlackElo "2467"]
[TimeControl "180+1"]
[EndTime "8:31:43 PDT"]
[Termination "AttilaTurzo won by checkmate"]

1. d4 d5 2. Nc3 c6 3. Bf4 Qb6 4. Rb1 Bf5 5. e3 Nf6 6. f3 e6 7. g4 Bg6 8. h4 h6 9. Bd3 Bxd3 10.
Qxd3 Be7 11. Nge2 c5 12. dxc5 Qxc5 13. Kf2 Nc6 14. a3 Qc4 15. Qxc4 dxc4 16. e4 O-O-O 17. Be3 Nd7 18. b3 Bxa3 19. bxc4 Bc5 20. Nb5 a6 21. Nbd4 Nxd4 22. Nxd4 Ne5 23. Nf5 exf5 24. Bxc5 fxe4 25.
fxe4 Rd2+ 26. Kg3 Rxc2 27. Bd4 Re8 28. Rhf1 f6 29. g5 hxg5 30. hxg5 Nxc4 31. gxf6 gxf6 32. Rxf6 Nd2 33. Rf7 Nxb1 34. e5 Rc4 35. Bb6 Nd2 36. Rf5 Ne4+ 37. Kf3 Nc3 38. Rf7 Nd5 39. Ba5 Rxe5 40. Rf8+ Kd7 41. Rd8+ Kc6 42. Bd2 Rf5+ 43. Ke2 Re4+ 44. Kd3 Re6 45. Rc8+ Nc7 46. Rh8 Rf7 47. Bg5 Rd7+ 48. Kc3 b5 49. Rb8 Nd5+ 50. Kc2 Rb7 51. Rc8+ Rc7 52. Rd8 Kb7+ 53. Kb3 Re5 54. Bd2 Rf5 55.
Ba5 Rc4 56. Rd7+ Nc7 57. Rd6 Rf3+ 58. Kb2 Rg4 59. Rb6+ Kc8 60. Bc3 Rg2+ 61. Kb3 Rgg3 62. Rc6 Rxc3+ 63. Rxc3 Rxc3+ 64. Kxc3 Kb7 65. Kb4 Kc6 66.
Ka5 Nd5 67. Kxa6 b4 68. Ka5 b3 69. Ka4 b2 70. Ka3 b1=Q 71. Ka4 Qb4# 0-1